 Dungeon Sprint DCSS version 0.22-a0-192-g6ffc940 (webtiles) character file.

7477 Lapis the Imperceptible (level 11, -3/82 HPs)
             Began as an Octopode Earth Elementalist on Feb 16, 2018.
             Was the Champion of Cheibriados.
             Slain by a demonic crawler (11 damage)
             ... in the Dungeon (Sprint I: "Red Sonja").
             The game lasted 00:07:50 (1353 turns).

Lapis the Imperceptible (OpEE)                      Turns: 1353, Time: 00:07:50

Health: -3/82      AC:  1    Str: 22    XL:     11   Next: 15%
Magic:  12/18      EV: 27    Int: 33    God:    Cheibriados [******]
Gold:   106        SH:  0    Dex: 38    Spells: 13/16 levels left

rFire    + . .     SeeInvis +   a - +0 dagger
rCold    + . .     Gourm    .   (no shield)
rNeg     . . .     Faith    .   (helmet restricted)
rPois    .         Spirit   .   n - amulet of magic regeneration
rElec    .         Reflect  .   v - ring "Joinonk" {rF+ rC+ Dex+7}
rCorr    .         Harm     .   w - ring of see invisible
MR       .....     NoTele   +   (no ring)
Stlth    +++++++++.             (no ring)
HPRegen  0.23/turn              (no ring)
MPRegen  0.41/turn              (no ring)
                                (no ring)
                                (no ring)

@: very slow
A: almost no armour, stealthy swim, amphibious, 8 rings, constrict 8, camouflage
1, gelatinous body 1
a: Bend Time, Temporal Distortion, Slouch, Step From Time, Renounce Religion


You were in the Dungeon.
You worshipped Cheibriados.
Cheibriados was exalted by your worship.
You were hungry.

You visited 1 branch You collected 1048 gold pieces.
You spent 942 gold pieces at shops.

Inventory:

Hand Weapons
 a - a +0 dagger (weapon)
 h - a +0 blowgun
 l - a +1 short sword of venom
Missiles
 b - 14 stones (quivered)
 m - 9 curare-tipped needles
 t - 3 needles of sleeping
 u - 5 javelins of penetration
Jewellery
 n - an amulet of magic regeneration (around mantle)
 v - the ring "Joinonk" (left tentacle) {rF+ rC+ Dex+7}
   (You bought it in a shop in the Dungeon)

   [ring of protection from fire]

   It affects your dexterity (+7).
   It protects you from fire.
   It protects you from cold.
 w - a ring of see invisible (right tentacle)
Scrolls
 e - a scroll of vulnerability {unknown}
 i - a scroll of blinking
 o - a scroll of magic mapping
 p - a scroll of silence {unknown}
 r - a scroll of immolation {unknown}
Potions
 f - a potion of haste
 g - 2 potions of magic
 k - a potion of might {unknown}
 q - a potion of brilliance {unknown}
Books
 j - a book of Geomancy

   Spells                             Type                      Level
   a - Sandblast                      Earth                        1
   b - Passwall                       Transmutation/Earth          2
   c - Stone Arrow                    Conjuration/Earth            3
   d - Petrify                        Transmutation/Earth          4
   e - Lee's Rapid Deconstruction     Earth                        5
Miscellaneous
 s - a lightning rod (4/4)
Comestibles
 c - 3 rations


   Skills:
 * Level 10.8 Fighting
 * Level 10.6 Short Blades
 * Level 10.6 Dodging
 * Level 21.4 Stealth
 - Level 3.1 Spellcasting
 - Level 2.4 Transmutations
 - Level 3.0 Earth Magic
 * Level 10.2 Invocations


You had 13 spell levels left.
You knew the following spells:

 Your Spells              Type           Power        Failure   Level  Hunger
a - Sandblast             Erth           ####..       1%          1    None
b - Passwall              Tmut/Erth      ###.......   2%          2    None


Dungeon Overview and Level Annotations

Branches:
Dungeon (1/1)

Altars:
Cheibriados
Dithmenos
Elyvilon
Fedhas
Gozag
Hepliaklqana
Kikubaaqudgha
Makhleb
Nemelex Xobeh
Okawaru
Qazlal
Ru
Sif Muna
Trog
Uskayaw
Vehumet
Wu Jian
Xom
Yredelemnul
Zin
The Shining One
Jiyva
Lugonu

Shops:
D *=[*?[[[[:(}*=*[!


Innate Abilities, Weirdness & Mutations

You cannot wear most types of armour.
You are very stealthy in the water. (Stealth+)
You are amphibious.
You can wear up to eight rings at the same time.
You can use your tentacles to constrict eight enemies at once.
Your skin changes colour to match your surroundings (Stealth+).
Your rubbery body absorbs attacks. (AC +1, EV +1)


Message History

The demonic crawler completely misses you.
You feel better.
The demonic crawler completely misses you.
The demonic crawler misses you. The demonic crawler hits you.
* * * LOW HITPOINT WARNING * * *
Unknown command.
Casting: Sandblast (safe; 1% risk of failure)
Confirm with . or Enter, or press ? or * to list all spells.
Aiming: Sandblast (safe; 1% risk of failure)
Press: ? - help, Shift-Dir - straight line, f/p - demonic crawler
Aim: a demonic crawler (heavily wounded, clinging)
The blast of sand hits the demonic crawler.
The demonic crawler is heavily wounded.
b - 14 stones The demonic crawler misses you. x2; The demonic crawler closely misses you.
The demonic crawler completely misses you.
The demonic crawler hits you!
* * * LOW HITPOINT WARNING * * *
The demonic crawler hits you!
You die...

##########################*******
)#.)+..#__#..'..@#..#§§§§+,,,,,,+
.'..#..'..'..#..s##+#.####,,,,,**
'#####'#__####)..'..#§#(#**,,,***
.#...#.####§§#####.s+§#+#,***+*,,
##..##.#§≈§..#..#*+####,,,*,*,**,
_##'#_.'§≈§§)'..#,,,,,*,,,***,,**
..'..._#≈≈≈§(#..#,,,,,+,,,,,**,*,
_##_.#'##+#####'###,,,*,,,,,*,,**
_###+#[#.[.)###.'.#,,,***++**,**,


You could see a demonic crawler.

Vanquished Creatures
  2 centaur warriors (D)
  Sonja (D)
  2 unseen horrors (D)
  A deep troll (D)
  A lindwurm (D)
  An oklob plant (D)
  2 kobold demonologists (D)
  2 demonic crawlers (D)
  A hornet (D)
  A slime creature (D)
  2 redbacks (D)
  Sigmund (D)
  A yak (D)
  2 floating eyes (D)
  An ogre (D)
  7 necrophages (D)
  8 jellies (D)
  Ijyb (D)
37 creatures vanquished.

Vanquished Creatures (others)
  A gargoyle (D)
1 creature vanquished.

Grand Total: 38 creatures vanquished

Notes
Turn   | Place    | Note
-------+----------+-------------------------------------------
     0 | D        | Lapis the Octopode Earth Elementalist began the quest for the Orb.
     0 | D        | Reached XP level 1. HP: 11/11 MP: 3/3
     2 | D        | Noticed Ijyb
    12 | D        | Killed Ijyb
    12 | D        | Reached skill level 9 in Stealth
    12 | D        | Reached XP level 2. HP: 17/17 MP: 0/5
    12 | D        | Reached XP level 3. HP: 21/21 MP: 0/6
    29 | D        | Learned a level 2 spell: Passwall
   100 | D        | Found a shadowy altar of Dithmenos.
   100 | D        | Found a sacrificial altar of Ru.
   100 | D        | Found a snail-covered altar of Cheibriados.
   100 | D        | Found an opulent altar of Gozag.
   100 | D        | Found a sparkling altar of Nemelex Xobeh.
   100 | D        | Found a basalt altar of Yredelemnul.
   100 | D        | Found a hide-covered altar of Uskayaw.
   100 | D        | Found a hazy altar of Hepliaklqana.
   100 | D        | Found an ancient bone altar of Kikubaaqudgha.
   100 | D        | Found Pag Asot's Jewellery Emporium.
   100 | D        | Found a glowing golden altar of the Shining One.
   100 | D        | Found an iron altar of Okawaru.
   100 | D        | Found a bloodstained altar of Trog.
   100 | D        | Found a blossoming altar of Fedhas.
   100 | D        | Found a stormy altar of Qazlal.
   100 | D        | Found a white marble altar of Elyvilon.
   100 | D        | Found a glowing silver altar of Zin.
   100 | D        | Noticed a yak
   102 | D        | Became a worshipper of Cheibriados the Contemplative
   108 | D        | Killed a yak
   108 | D        | Reached skill level 5 in Dodging
   108 | D        | Reached skill level 10 in Stealth
   108 | D        | Reached XP level 4. HP: 30/33 MP: 3/7
   108 | D        | Reached XP level 5. HP: 33/37 MP: 3/8
   152 | D        | Found a deep blue altar of Sif Muna.
   152 | D        | Found a radiant altar of Vehumet.
   152 | D        | Found an ornate altar of the Wu Jian Council.
   155 | D        | Reached skill level 1 in Invocations
   177 | D        | Noticed Sigmund
   177 | D        | Killed Sigmund
   177 | D        | Reached * piety under Cheibriados
   177 | D        | Reached skill level 5 in Fighting
   177 | D        | Reached skill level 5 in Short Blades
   177 | D        | Reached skill level 12 in Stealth
   177 | D        | Reached XP level 6. HP: 45/45 MP: 4/9
   242 | D        | Reached XP level 7. HP: 26/52 MP: 4/10
   448 | D        | Found a burning altar of Makhleb.
   448 | D        | Found a viscous altar of Jiyva.
   448 | D        | Found a shimmering altar of Xom.
   448 | D        | Found a corrupted altar of Lugonu.
   448 | D        | Noticed a slime creature
   448 | D        | Killed a slime creature
   448 | D        | Reached ** piety under Cheibriados
   448 | D        | Reached skill level 13 in Stealth
   448 | D        | Reached skill level 5 in Invocations
   478 | D        | Noticed a kobold demonologist
   478 | D        | Noticed a kobold demonologist
   479 | D        | Killed a kobold demonologist
   479 | D        | Reached skill level 14 in Stealth
   479 | D        | Reached XP level 8. HP: 60/60 MP: 8/12
   481 | D        | Killed a kobold demonologist
   481 | D        | Reached *** piety under Cheibriados
   549 | D        | Noticed a lindwurm
   551 | D        | Killed a lindwurm
   551 | D        | Reached skill level 15 in Stealth
   551 | D        | Reached XP level 9. HP: 67/67 MP: 11/14
   671 | D        | Noticed Sonja
   671 | D        | Killed Sonja
   671 | D        | Reached **** piety under Cheibriados
   671 | D        | Reached skill level 16 in Stealth
   685 | D        | Found Peuvve's Assorted Antiques.
   717 | D        | Noticed a deep troll
   717 | D        | Killed a deep troll
   717 | D        | Reached skill level 17 in Stealth
   728 | D        | Found Heumumas's Armour Emporium.
   756 | D        | Noticed a centaur warrior
   756 | D        | Noticed a centaur warrior
   763 | D        | Killed a centaur warrior
   763 | D        | Reached skill level 18 in Stealth
   763 | D        | Reached XP level 10. HP: 23/74 MP: 10/16
   763 | D        | Killed a centaur warrior
   999 | D        | Reached skill level 10 in Fighting
  1012 | D        | Noticed an oklob plant
  1014 | D        | Killed an oklob plant
  1014 | D        | Reached ***** piety under Cheibriados
  1014 | D        | Reached skill level 10 in Short Blades
  1014 | D        | Reached skill level 10 in Dodging
  1014 | D        | Reached skill level 19 in Stealth
  1105 | D        | Reached ****** piety under Cheibriados
  1207 | D        | Reached skill level 20 in Stealth
  1237 | D        | Found Bynum's Assorted Antiques.
  1237 | D        | Found Wijisiuf's Armour Shop.
  1237 | D        | Found Heixot's Magic Scroll Boutique.
  1239 | D        | Found Iduaku's Antique Armour Emporium.
  1239 | D        | Found Cucam's Antique Armour Shop.
  1239 | D        | Found Kitimeg's Antique Armour Shoppe.
  1239 | D        | Found Opevy's Armour Boutique.
  1239 | D        | Found Noiluh's Book Emporium.
  1239 | D        | Found Teklous's Weapon Shop.
  1239 | D        | Found Citogul's Gadget Shoppe.
  1242 | D        | Found Akaody's General Store.
  1243 | D        | Found Karph's General Store.
  1243 | D        | Found Equdol's Jewellery Boutique.
  1244 | D        | Found Nulid's Distillery.
  1254 | D        | Bought the ring "Joinonk" {rF+ rC+ Dex+7} for 698 gold pieces
  1254 | D        | Bought an uncursed ring of see invisible for 195 gold pieces
  1270 | D        | Bought a scroll of magic mapping for 49 gold pieces
  1287 | D        | Noticed an unseen horror
  1287 | D        | Noticed an unseen horror
  1287 | D        | Killed an unseen horror
  1287 | D        | Reached skill level 10 in Invocations
  1287 | D        | Reached XP level 11. HP: 79/79 MP: 16/18
  1289 | D        | Killed an unseen horror
  1289 | D        | Reached skill level 21 in Stealth
  1353 | D        | Slain by a demonic crawler

Vault maps used:
D:        dungeon_sprint_1

Skill      XL: |  1  2  3  4  5  6  7  8  9 10 11 |
---------------+----------------------------------+-----
Stealth        | 9 10 12 14 15 18 20 21 | 21.4
Fighting       | 4 5 6 7 8 9 10 | 10.8
Short Blades   | 4 5 7 8 9 10 | 10.6
Dodging        | 5 6 7 8 9 10 | 10.6
Invocations    | 3 4 6 7 8 10 | 10.2
Spellcasting   | 3 |  3.1
Transmutations | 2 |  2.4
Earth Magic    | |  3.0

Action                   |  1- 3 |  4- 6 |  7- 9 | 10-12 || total
-------------------------+-------+-------+-------+-------++-------
Melee: Unarmed           |     6 |       |       |       ||     6
       Tentacles         |     3 |       |     1 |     4 ||     8
       Constrict         |     1 |       |       |     3 ||     4
       Dagger            |     1 |     2 |    12 |    21 ||    36
 Cast: Sandblast         |     3 |     3 |     1 |    29 ||    36
       Passwall          |     3 |     4 |    12 |     6 ||    25
Invok: Slouch            |       |       |     1 |     1 ||     2
  Use: Potion            |     1 |       |     1 |     1 ||     3
       Scroll            |       |       |       |     1 ||     1
 Stab: Sleeping          |     1 |     2 |     7 |    14 ||    24
Dodge: Dodged            |     3 |       |     4 |    72 ||    79

Table legend:
 A = Spawn XP
 B = Non-spawn XP
 C = Spawn XP percentage of total XP
 D = Spawn monster count
 E = Non-spawn monster count
 F = Spawn count percentage of total count
 G = Total turns spent on level
                    A         B        C        D         E        F      G
               +---------+---------+-------+---------+---------+-------+---------
         Total |       0 |   10682 |   0.0 |       0 |      37 |   0.0 |  1353
               +---------+---------+-------+---------+---------+-------+---------
             D |       0 |   10682 |   0.0 |       0 |      37 |   0.0 |  1353
               +---------+---------+-------+---------+---------+-------+---------
